 Dungeon Crawl Stone Soup version 0.22.0-21-g8bd1b0a (webtiles) character file.

10311 Lew the Fighter (level 11, -6/87 HPs)
             Began as a Demonspawn Abyssal Knight on Aug 18, 2018.
             Was a High Priest of Lugonu.
             Killed from afar by a smoke demon (27 damage)
             ... with a ball of steam
             ... summoned by Lugonu's corruption
             ... on level 1 of the Orcish Mines on Aug 19, 2018.
             The game lasted 00:46:13 (9932 turns).

Lew the Fighter (Demonspawn Abyssal Knight)         Turns: 9932, Time: 00:46:14

Health: -6/87      AC: 19    Str: 13    XL:     11   Next: 34%
Magic:  9/17       EV: 17    Int: 16    God:    Lugonu [*****.]
Gold:   664        SH:  5    Dex: 17    Spells: 10/10 levels left

rFire    . . .     SeeInvis .   a - +7 falchion
rCold    . . .     Gourm    .   t - +0 buckler
rNeg     . . .     Faith    .   k - +4 ring mail
rPois    .         Spirit   .   h - +2 hat {MR+}
rElec    .         Reflect  .   r - +1 cloak
rCorr    .         Harm     .   (no gloves)
MR       +....                  (no boots)
Stlth    ++........             (no amulet)
HPRegen  0.24/turn              w - +3 ring of evasion
MPRegen  0.15/turn              l - +1 ring of protection

@: no status effects
A: antennae 1, talons 1, icy blue scales 2, agile 1, blink, clever 1, powered by
death 1, spiny 1
a: Blink, Depart the Abyss, Bend Space, Banish, Corrupt, Enter the Abyss,
Renounce Religion


You were on level 1 of the Orcish Mines.
You worshipped Lugonu.
Lugonu was extremely pleased with you.
You were not hungry.

You visited 3 branches of the dungeon, and saw 12 of its levels.
You visited the Abyss 1 time.
You also visited: Sewer.

You collected 664 gold pieces.

Inventory:

Hand Weapons
 a - a +7 falchion (weapon)
 q - a +0 falchion of slicing
 A - a +1 broad axe of electrocution
 B - a +2 short sword of distortion
Armour
 e - a +1 plate armour
 h - a +2 hat of magic resistance (worn)
 k - a +4 ring mail (worn)
 r - a +1 cloak (worn)
 t - a +0 buckler (worn)
Jewellery
 l - a +1 ring of protection (right hand)
 m - an uncursed ring of positive energy
 o - an uncursed amulet of faith
 w - a +3 ring of evasion (left hand)
Wands
 f - a wand of digging (26)
 y - a wand of scattershot (4)
Scrolls
 i - a scroll of fog
 n - 6 scrolls of teleportation
 p - 9 scrolls of remove curse
 x - a scroll of torment
 z - a scroll of holy word
Potions
 b - a potion of cancellation
 d - a potion of haste
 g - 3 potions of flight
 j - 4 potions of curing
 s - 2 potions of brilliance
 u - 2 potions of ambrosia
Comestibles
 c - 18 rations


   Skills:
 + Level 8.8 Fighting
 * Level 7.8 Long Blades
 * Level 7.8 Armour
 * Level 6.2 Dodging
 + Level 3.4 Stealth
 + Level 4.3 Shields
 + Level 8.3 Invocations


You had 10 spell levels left.
You didn't know any spells.
Your spell library contained the following spells:

 Spells                   Type           Power        Failure   Level  Hunger
 Animate Skeleton         Necr           N/A          43%         1    ##.....
 Apportation              Tloc           #.....       43%         1    ##.....
 Confusing Touch          Hex            #.....       43%         1    ##.....
 Summon Small Mammal      Summ           #...         43%         1    ##.....


Dungeon Overview and Level Annotations

Branches:
Dungeon (10/15)            Temple (1/1) D:5            Lair (0/6) D:10
    Orc (1/2) D:10

Altars:
Ashenzari
Cheibriados
Dithmenos
Elyvilon
Fedhas
Gozag
Hepliaklqana
Kikubaaqudgha
Makhleb
Nemelex Xobeh
Okawaru
Qazlal
Ru
Sif Muna
Trog
Uskayaw
Vehumet
Wu Jian
Xom
Yredelemnul
Zin
The Shining One
Lugonu

Shops:
Orc:1 }

Annotations:
D:3 1 runed door, Lauz's ghost, amateur DEWz
Orc:1 corrupted, Urug


Innate Abilities, Weirdness & Mutations

You have sharp toenails.
You are mostly covered in icy blue scales. (AC +3)
You regenerate a little health from kills.
You are partially covered in sharp spines.
You have a pair of small antennae on your head.
You are agile. (Dex +2)
You can translocate small distances at will.
Your mind is acute. (Int +2)


Message History

The warg bites the sun demon!
The orc warrior hits the golden eye with a battleaxe!!
The golden eye dies!
The orc warrior hits the quasit with a battleaxe!
The quasit dies!
The orc warrior hits the shadow dragon skeleton with a battleaxe!
Something hits the eye of draining.
An orc warrior comes into view. It is wielding a scimitar.
The thrashing horror tramples the orc!
The orc holds its ground!
The orc dies!
Something hits the thrashing horror!!
The thrashing horror is destroyed!
Urug throws a javelin.
The javelin hits the chaos spawn!
The warg barely misses you.
You riposte.
You barely miss the warg.
The warg bites the small abomination!
The small abomination barely misses the warg.
The chaos spawn barely misses something.
The smoke demon gestures at the warg.
The ball of steam hits you!
You die...

.o # #. ....
#∩#o##### ...#
.....#.4##.# #.
...#x.#..###
..#.##.#.X.....##
.....x4<...X.{..##
..o...o4.G#.###..##
##......o#.Oh@3...#
......#....3Z.#...#
.#...xo.o)...## #.#
#o..X...hx### #
.....oZo#..#
......o.o.#
...oo.ooE#. .##.


You could see Urug, 2 wargs, 3 orc warriors, an ogre, 4 orcs, a neutral sun
demon, a neutral orange demon, a neutral large abomination, a neutral earth
elemental, a neutral eye of draining, a neutral smoke demon, a neutral chaos
spawn, 2 neutral small abominations, a neutral fire dragon simulacrum and a
neutral shadow dragon skeleton.

Vanquished Creatures
  Gastronok (D:8)
  A two-headed ogre (D:7)
  Sonja (D:10)
  Pikel (D:7)
  Maurice (D:9)
  Grinder (D:3)
  2 hippogriffs
  A human (D:7)
  4 hogs (D:7)
  A steam dragon (D:7)
  A water moccasin (D:9)
  2 black bears
  3 slaves (D:7)
  4 orc warriors
  An ice beast (D:10)
  7 ogres
  An eye of draining (D:8)
  A necrophage (D:8)
  5 centaurs
  A crocodile (D:10)
  Blork the orc (D:4)
  4 bullfrogs
  A gnoll sergeant (D:10)
  A water moccasin skeleton (D:6)
  2 scorpions
  17 killer bees
  4 wights (D:6)
  4 howler monkeys
  3 centaur zombies
  2 crimson imps
  2 bullfrog zombies (D:8)
  5 hounds
  2 bullfrog skeletons
  A gnoll shaman (D:5)
  A centaur skeleton (D:9)
  4 orc priests
  4 jellies
  7 orc wizards
  An iguana (D:4)
  4 worker ants
  3 worker ant zombies
  12 adders
  17 gnolls
  4 oozes (Sewer)
  3 adder skeletons
  8 worms
  A dart slug (D:1)
  5 leopard geckos
  37 orcs
  5 ball pythons
  2 giant cockroaches
  10 goblins
  8 hobgoblins
  16 jackals
  7 kobolds
  4 quokkas
  A ball python skeleton (D:5)
  9 bats
  7 frilled lizards
  A jackal skeleton (D:7)
  2 quokka skeletons (D:6)
  A quokka zombie (D:6)
  9 rats
282 creatures vanquished.

Vanquished Creatures (others)
  A slave (D:7)
  2 orcs
  A withered plant (D:3)
4 creatures vanquished.

Grand Total: 286 creatures vanquished

Notes
Turn   | Place    | Note
-------+----------+-------------------------------------------
     0 | Abyss:1  | Lew the Demonspawn Abyssal Knight began the quest for the Orb.
     0 | Abyss:1  | Reached XP level 1. HP: 18/18 MP: 2/2
   101 | Abyss:2  | Noticed a wraith
   138 | Abyss:2  | Noticed a starcursed mass
   140 | D:1      | Escaped the Abyss
   219 | D:1      | Reached skill level 1 in Dodging
   278 | D:1      | Reached * piety under Lugonu
   283 | D:1      | Gained mutation: You are partially covered in sharp spines. [demonic ancestry]
   283 | D:1      | Reached XP level 2. HP: 14/24 MP: 4/4
   402 | D:1      | Gained mutation: You tend to lose your temper in combat. [potion of mutation]
   402 | D:1      | Gained mutation: You are agile. (Dex +2) [potion of mutation]
   712 | D:1      | Reached XP level 3. HP: 26/29 MP: 5/5
  1275 | D:2      | Reached XP level 4. HP: 31/35 MP: 6/6
  1396 | D:3      | Found a runed door.
  1397 | D:3      | Noticed Lauz's ghost (amateur DEWz)
  1450 | D:3      | Reached XP level 5. HP: 41/41 MP: 7/7
  1453 | D:3      | Reached ** piety under Lugonu
  1943 | D:3      | Noticed Grinder
  1950 | D:3      | Paralysed by Grinder for 2 turns
  1959 | D:3      | Killed Grinder
  1959 | D:3      | Gained mutation: You have sharp toenails. [demonic ancestry]
  1959 | D:3      | Reached XP level 6. HP: 48/48 MP: 7/9
  2444 | D:4      | Noticed Blork the orc
  2450 | D:4      | Killed Blork the orc
  2450 | D:4      | Gained mutation: You regenerate a little health from kills. [demonic ancestry]
  2450 | D:4      | Reached XP level 7. HP: 55/55 MP: 10/10
  2576 | D:4      | Found a bloodstained altar of Trog.
  2727 | D:5      | Entered Level 5 of the Dungeon
  2896 | D:5      | Reached skill level 5 in Invocations
  3318 | D:5      | Reached *** piety under Lugonu
  3318 | D:5      | Reached skill level 1 in Stealth
  3550 | D:5      | Found a staircase to the Ecumenical Temple.
  3641 | D:5      | Upgraded the game from 0.22.0-18-ge075c0d to 0.22.0-21-g8bd1b0a
  3658 | Temple   | Entered the Ecumenical Temple
  3805 | D:6      | Found a shadowy altar of Dithmenos.
  3806 | D:6      | Found a bloodstained altar of Trog.
  3824 | D:6      | Found a glowing drain.
  3849 | Sewer    | Entered a sewer
  3890 | Sewer    | Reached skill level 5 in Fighting
  4232 | Sewer    | Reached **** piety under Lugonu
  4565 | D:6      | Gained mutation: You are partially covered in icy blue scales. (AC +2) [demonic ancestry]
  4565 | D:6      | Reached XP level 8. HP: 62/62 MP: 11/11
  4759 | D:6      | Found a basalt altar of Yredelemnul.
  4802 | D:6      | Reached skill level 1 in Shields
  5082 | D:6      | Lost mutation: You tend to lose your temper in combat. [potion of mutation]
  5082 | D:6      | Lost mutation: You are agile. (Dex +2) [potion of mutation]
  5082 | D:6      | Gained mutation: You are resistant to electric shocks. (rElec) [potion of mutation]
  5082 | D:6      | Gained mutation: You passively map a small area around you. [potion of mutation]
  5083 | D:6      | Lost mutation: You are resistant to electric shocks. (rElec) [potion of mutation]
  5083 | D:6      | Lost mutation: You passively map a small area around you. [potion of mutation]
  5083 | D:6      | Gained mutation: Your mind is acute. (Int +2) [potion of mutation]
  5083 | D:6      | Gained mutation: You are agile. (Dex +2) [potion of mutation]
  5083 | D:6      | Gained mutation: You can translocate small distances at will. [potion of mutation]
  5083 | D:6      | Gained mutation: You evolve. [potion of mutation]
  5213 | D:6      | Found a radiant altar of Vehumet.
  5213 | D:6      | Found an ancient bone altar of Kikubaaqudgha.
  5214 | D:6      | Found a deep blue altar of Sif Muna.
  5222 | D:6      | Identified Sif Muna's Volume of the Escort
  5582 | D:7      | Gained mutation: You have a pair of small antennae on your head. [evolution]
  5582 | D:7      | Lost mutation: You evolve. [end of evolution]
  6007 | D:7      | Noticed Pikel
  6009 | D:7      | Reached skill level 5 in Long Blades
  6024 | D:7      | Killed Pikel
  6024 | D:7      | Reached skill level 5 in Armour
  6024 | D:7      | Gained mutation: You are mostly covered in icy blue scales. (AC +3) [demonic ancestry]
  6024 | D:7      | Reached XP level 9. HP: 63/69 MP: 13/13
  6287 | D:7      | Found a sparkling altar of Nemelex Xobeh.
  6287 | D:7      | Found an ornate altar of the Wu Jian Council.
  6288 | D:7      | Found a snail-covered altar of Cheibriados.
  6392 | D:7      | Noticed a two-headed ogre
  6407 | D:7      | Killed a two-headed ogre
  6898 | D:8      | Reached ***** piety under Lugonu
  6923 | D:8      | Reached XP level 10. HP: 71/79 MP: 15/15
  7091 | D:8      | Reached skill level 5 in Dodging
  7190 | D:8      | Noticed Gastronok
  7288 | D:8      | Killed Gastronok
  7838 | D:9      | Found a blossoming altar of Fedhas.
  7844 | D:9      | Found a stormy altar of Qazlal.
  7859 | D:9      | Noticed Maurice
  7894 | D:9      | Killed Maurice
  8183 | D:9      | Reached XP level 11. HP: 87/87 MP: 16/16
  8311 | D:9      | Found a white marble altar of Elyvilon.
  8311 | D:9      | Found a glowing golden altar of the Shining One.
  8311 | D:9      | Found a glowing silver altar of Zin.
  8452 | D:10     | Entered Level 10 of the Dungeon
  9080 | D:10     | Noticed Sonja
  9268 | D:10     | Found a staircase to the Lair.
  9458 | D:10     | Killed Sonja
  9914 | D:10     | Found a staircase to the Orcish Mines.
  9920 | Orc:1    | Entered Level 1 of the Orcish Mines
  9920 | Orc:1    | Found Xeyloare's Gadget Shop.
  9923 | Orc:1    | Noticed Urug
  9927 | Orc:1    | Noticed an orc warlord
  9931 | Orc:1    | Corrupted Orc:1
  9931 | Orc:1    | Noticed a starcursed mass
  9931 | Orc:1    | Noticed a sun demon
  9931 | Orc:1    | Noticed a thrashing horror
  9932 | Orc:1    | Killed from afar by a smoke demon

Skill      XL: |  1  2  3  4  5  6  7  8  9 10 11 |
---------------+----------------------------------+-----
Dodging        | 1 2 3 4 5 6 |  6.2
Long Blades    | 2 3 4 5 6 7 |  7.8
Armour         | 2 3 4 5 6 7 |  7.8
Invocations    | 3 4 5 6 7 8 |  8.3
Fighting       | 4 5 6 7 8 |  8.8
Stealth        | 1 2 3 |  3.4
Shields        | 3 4 |  4.3

Action                   |  1- 3 |  4- 6 |  7- 9 | 10-12 || total
-------------------------+-------+-------+-------+-------++-------
Melee: Falchion          |    85 |    84 |   319 |   263 ||   751
       Kick              |       |     9 |   110 |    99 ||   218
Invok: Depart the Abyss  |     1 |       |       |       ||     1
       Bend Space        |       |       |       |     1 ||     1
       Corrupt           |       |       |       |     1 ||     1
 Abil: Blink             |       |       |     2 |       ||     2
Evoke: Wand              |       |       |       |     2 ||     2
  Use: Scroll            |     9 |     5 |    12 |     9 ||    35
       Potion            |     6 |     3 |    11 |     2 ||    22
 Stab: Sleeping          |       |       |     2 |     1 ||     3
       Invisible         |       |       |     5 |       ||     5
       Distracted        |       |       |     1 |     1 ||     2
  Eat: Chunk             |     1 |     2 |     7 |     8 ||    18
       Ration            |       |     1 |     2 |     1 ||     4
Armor: Plate armour      |    65 |    53 |       |       ||   118
       Ring mail         |       |     8 |    92 |    85 ||   185
Dodge: Dodged            |    14 |    32 |   155 |   160 ||   361
Block: Buckler           |       |       |    47 |    63 ||   110
       Rpst.: Falchion   |     2 |    16 |    45 |    42 ||   105
